 Dungeon Crawl Stone Soup version bcrawl-1.13-2-g5ca86534bc (webtiles) character file.

Game seed: 10199706568635459494

33 OrcJesus the Slasher (level 3, 23/23 HPs)
             Began as a Skeleton Reaver on Aug 1, 2019.
             Was a Follower of Vehumet.
             Safely got out of the dungeon.
             The game lasted 00:07:25 (1351 turns).

OrcJesus the Slasher (Skeleton Reaver)              Turns: 1351, Time: 00:07:25

Health: 23/23      AC:  5    Str: 15 (17) XL:     3   Next: 12%
Magic:  8/8        EV: 12    Int: 12      God:    Vehumet [*.....]
Gold:   56         SH:  0    Dex:  7 (8)  Spells: 8/9 levels left

rFire    . . .     SeeInvis .   a - +0 long sword
rCold    + . .     Gourm    .   (no shield)
rNeg     + + +     Faith    .   b - +0 steam dragon scales
rPois    ∞         Spirit   +   (no helmet)
rElec    .         Reflect  .   (no cloak)
rCorr    .         Harm     .   (no gloves)
MR       .....                  (no boots)
Stlth    +.........             (no amulet)
HPRegen  0.07/turn              (no ring)
MPRegen  0.11/turn              (no ring)

@: no status effects
A: no food or potions, cold resistance 1, deterioration 1, negative energy
resistance 3, torment resistance, unbreathing, magic shield, sturdy frame 1,
spell healing
a: Renounce Religion


You escaped.
You worshipped Vehumet.
Vehumet was aware of your devotion.
You were not hungry.

You visited 1 branch of the dungeon, and saw 1 of its levels.

You collected 56 gold pieces.

Inventory:

Hand Weapons
 a - a +0 long sword (weapon)
Armour
 b - +0 steam dragon scales (worn)
 g - a +0 scale mail
Scrolls
 c - 2 scrolls of immolation
 d - a scroll of magic mapping {unknown}
 e - 4 scrolls of identify {unknown}
 f - a scroll of amnesia {unknown}
 h - a scroll of noise {unknown}
 i - a scroll of remove curse {unknown}


   Skills:
 - Level 3.3 Fighting
 - Level 4.4 Long Blades
 - Level 3.0 Dodging
 + Level 3.7 Spellcasting


You had 8 spell levels left.
You knew the following spells:

 Your Spells              Type           Power        Failure   Level  Hunger
z - Sting                 Conj/Pois      #...         22%         1    N/A

Your spell library contained the following spells:

 Spells                   Type           Power        Failure   Level  Hunger
 Iskenderun's Battlesphe  Conj/Chrm      #.......     99%         5    N/A

Dungeon Overview and Level Annotations

Branches:
Dungeon (1/12)

Altars:


Innate Abilities, Weirdness & Mutations

You do not eat or drink.
You are immune to poison.
Your flesh is cold resistant. (rC+)
Your body sometimes deteriorates upon taking damage.
You are immune to negative energy. (rN+++)
You are immune to unholy pain and torment.
You can survive without breathing.
When hurt, damage is shared between your health and your magic reserves.
Your movements are slightly less encumbered by armour. (ER -2)
Casting spells heals you.


Message History

You hit the plant but do no damage.
The plant is moderately damaged.
You hit the plant.
The plant is moderately damaged.
You see here 120 tomahawks.
You hit the plant but do no damage. You hit the plant.
The plant is lightly damaged.
There is a stone staircase leading down here.
You hit the plant.
The plant is lightly damaged.
You hit the plant.
The plant is lightly damaged.
You slash the plant!
The plant is lightly damaged.
You hit the plant.
The plant is lightly damaged.
There is a staircase leading out of the dungeon here.
Are you sure you want to leave the Dungeon?
This will make you lose the game!
You have escaped! ..........PP.PPPPPPP)P.PPPPPPP.PP ..........P.PPPPPPPPP.PPPPPPPPP.P ..........P.PPPPPPPPP.PPPPPPPPP.P ............PPPPPPP.....PPPPPPP.P ..#####...P.PPPPPP.PP.PP.PPPPPP.P ..........P.PPPPP.PPP.PPP!PPPPP.P .....##...PP.PPP.PPP.P.PPP.PPP.PP .###.##...PPP.PP.PP.PPP.PP.PP.PPP ...#..####PPPP..@..PPPPP.(...PPPP .#.##.## #PPP.PP.PP.PPP.PP.PP.PPP .#.##..###PP.PPP.PPP.P.PPP.PPP.PP ##.......#P.PPPPP.PPP.PPP.PPPPP.P ##.###...#P.PPPPPP.PP.PP.PPPPPP.P .........#..PPPPPPP.....PPPPPPP.P ###.###..#P.PPPPPPPPP.PPPPPPPPP.P # #.##...#P.PPPPPPPPP.PPPPPPPPP.P # #.##....PP.PPPPPPP.P.PPPPPPP.PP

There were no monsters in sight!

Vanquished Creatures
  A worm (D:1)
  2 dart slugs (D:1)
  4 bats (D:1)
  A giant cockroach (D:1)
  7 goblins (D:1)
  A hobgoblin (D:1)
  4 kobolds (D:1)
  A frilled lizard (D:1)
  4 rats (D:1)
  A plant (D:1)
26 creatures vanquished.

Notes
Turn   | Place    | Note
-------+----------+-------------------------------------------
     0 | D:1      | OrcJesus the Skeleton Reaver began the quest for the Orb.
     0 | D:1      | Reached XP level 1. HP: 14/14 MP: 4/4
    45 | D:1      | Reached skill level 4 in Long Blades
   281 | D:1      | Reached XP level 2. HP: 19/19 MP: 6/6
   670 | D:1      | Reached * piety under Vehumet
   670 | D:1      | Offered knowledge of Sting by Vehumet.
   673 | D:1      | Learned a level 1 spell: Sting
   786 | D:1      | Reached XP level 3. HP: 18/23 MP: 4/8
  1351 | D:$      | Safely got out of the dungeon.

Skill      XL: |  1 |
---------------+----+-----
Long Blades    | 4 |  4.4
Fighting       | |  3.3
Dodging        | |  3.0
Spellcasting   | |  3.7

Action                   || total
-------------------------++-------
Melee: Long sword        ||   139
 Cast: Sting             ||     3
Armor: Steam dragon scal ||    25
Dodge: Dodged            ||    52
